cohdb
Replays
Latest Replays
All Replays
Popular Replays
Top Player Replays
Match Explorer
How It Works
Community
CoH3 Stats
Reddit
Sign in to upload your games and track your stats! →
Sign in with Steam
Match 46899218
Unlisted
Match 46899218
Overview
Messages
Build Orders
End
Kradschützen Motorcycle Team
Selects Italian Infantry
Panzergrenadier Squad
Panzergrenadier Squad
Panzergrenadier Squad
Construct Light Support Kompanie
Selects Guastatori Squad
Guastatori Squad
2.5-tonne Medical Truck
Selects L6/40 Light Tank Combat Group
L6/40 Light Tank Combat Group
Fire Support Elements
Panzerjäger Mechanized Group
Construct Mechanized Kompanie
Selects Towed Cannone da 105/28 Field Howitzer
Combat Half-tracks
Marder III Tank Destroyer
Marder III Tank Destroyer
Samuel Bronkowitz
rocketpossum
0
0
Comments
sign in to comment!
No comments posted yet!